 Dungeon Crawl Stone Soup version 0.26-a0-1222-g14533b3512 (webtiles) character file.

Game seed: 16566827994399580620

214 boo the Slasher (level 5, -8/41 HPs)
             Began as a Demonspawn Gladiator on Dec 31, 2020.
             Killed from afar by a hobgoblin (14 damage)
             ... with an exploding inner flame
             ... on level 3 of the Dungeon.
             The game lasted 00:03:22 (1791 turns).

boo the Slasher (Demonspawn Gladiator)              Turns: 1791, Time: 00:03:23

Health: -8/41      AC:  6    Str: 15    XL:     5   Next: 60%
Magic:  5/5        EV: 11    Int: 12    God:
Gold:   147        SH:  4    Dex: 14    Spells: 4/4 levels left

rFire    + . .     SeeInvis .   a - +0 long sword
rCold    . . .     Faith    .   l - +0 buckler
rNeg     . . .     Spirit   .   k - +0 ring mail
rPois    .         Reflect  .   c - +0 helmet
rElec    .         Harm     .   (no cloak)
rCorr    .         Rampage  .   (no gloves)
Will     +....                  (no boots)
Stlth    +.........             (no amulet)
HPRegen  0.13/turn              h - ring of willpower
MPRegen  0.09/turn              (no ring)

@: brilliant
A: claws 2, clever 1, fire resistance 1, wild magic 1
a: no special abilities


You were on level 3 of the Dungeon.
You visited 1 branch of the dungeon, and saw 3 of its levels.

You collected 147 gold pieces.

Inventory:

Hand Weapons
 a - a +0 long sword (weapon)
Missiles
 d - 2 throwing nets (quivered)
Armour
 c - a +0 helmet (worn)
 k - a +0 ring mail (worn)
 l - a +0 buckler (worn)
Jewellery
 h - a ring of willpower (left claw)
 p - a +6 ring of strength {unknown}
Scrolls
 i - 2 scrolls of remove curse
 m - a scroll of amnesia
 o - a scroll of blinking {unknown}


   Skills:
 + Level 3.2 Fighting
 * Level 4.3 Long Blades
 - Level 1.7 Throwing
 - Level 0.8 Armour
 + Level 3.4 Dodging
 + Level 1.4 Shields


You had 4 spell levels left.
You didn't know any spells.
Your spell library was empty.

Dungeon Overview and Level Annotations

Branches:
Dungeon (2/15)

Altars:
Trog
The Shining One


Innate Abilities, Weirdness & Mutations

You have very sharp fingernails.
Your flesh is heat resistant. (rF+)
Your mind is acute. (Int +2)
Your spells are a little harder to cast, but a little more powerful.


Message History

As you read the scroll labelled ARANLOMU IJAJE, it crumbles to dust.
You feel blessed for a moment.
It was a scroll of remove curse.
You block the bat's attack.
The orc wizard mumbles some strange words.
The orc wizard blinks!
As you read the scroll labelled OBA EFOQENIBBY, it crumbles to dust.
The creatures around you are filled with an inner flame!
It was a scroll of immolation.
You block the hobgoblin's attack.
As you read the scroll labelled GOIKUI ACVIAXT, it crumbles to dust.
It is a scroll of identify.
m - a scroll of amnesia You block the bat's attack.
The bat closely misses you.
You riposte.
You miss the bat. The hobgoblin barely misses you.
You riposte.
You hit the hobgoblin.
The hobgoblin explodes!
The fiery explosion engulfs the goblin!!
You kill the goblin!
The fiery explosion engulfs the bat!!
The fiery explosion engulfs you! You resist.
You die...

....####.# #.
.........
#...#...... # ##
#..#.....# .#...
#..#.....####...##
#.........#......
#.......§§§.#
#.#.....#§###
###......##@#
#....))†###.b.#
#.....†.# ###....
#..#.#.### #.....
....... .....
.....#. ....
....... ... ....
.. ..! ......


You could see a bat (inner flame).

Vanquished Creatures
  Sigmund (D:2)
  An orc priest (D:3)
  A gnoll (D:1)
  An adder (D:2)
  A leopard gecko (D:2)
  2 orcs (D:3)
  A giant cockroach (D:1)
  4 goblins
  A hobgoblin (D:3)
  3 jackals (D:1)
  4 kobolds (D:1)
  A quokka (D:2)
  A ball python (D:2)
  2 bats (D:3)
  A frilled lizard (D:1)
  7 rats (D:1)
32 creatures vanquished.

Notes
Turn   | Place    | Note
-------+----------+-------------------------------------------
     0 | D:1      | boo the Demonspawn Gladiator began the quest for the Orb.
     0 | D:1      | Reached XP level 1. HP: 16/16 MP: 1/1
    82 | D:1      | Reached skill level 3 in Long Blades
    82 | D:1      | Gained mutation: You have sharp fingernails. [demonic
                  | ancestry]
    82 | D:1      | Reached XP level 2. HP: 13/22 MP: 2/2
   596 | D:1      | Gained mutation: Your flesh is heat resistant. (rF+)
                  | [demonic ancestry]
   596 | D:1      | Reached XP level 3. HP: 22/28 MP: 3/3
  1048 | D:2      | Found a glowing golden altar of the Shining One.
  1223 | D:2      | Found a bloodstained altar of Trog.
  1388 | D:2      | Noticed Sigmund
  1406 | D:2      | Killed Sigmund
  1407 | D:2      | Reached skill level 4 in Long Blades
  1407 | D:2      | Reached skill level 1 in Shields
  1407 | D:2      | Gained mutation: You have very sharp fingernails. [demonic
                  | ancestry]
  1407 | D:2      | Reached XP level 4. HP: 12/35 MP: 4/4
  1407 | D:2      | Reached XP level 5. HP: 15/41 MP: 5/5
  1759 | D:2      | You fall into a shaft and drop 1 floor!
  1779 | D:3      | HP: 2/41 [goblin/+0 club (2)]
  1781 | D:3      | Gained mutation: Your spells are a little harder to cast,
                  | but a little more powerful. [potion of mutation]
  1781 | D:3      | Gained mutation: Your mind is acute. (Int +2) [potion of
                  | mutation]
  1791 | D:3      | Killed from afar by a hobgoblin

Illustrated notes

Levels and vault maps discovered:
D:1:      minmay_arrival_hallway, layout_loops_ring, minmay_parallelograms,
          chequers_mini_garden
D:2:      layout_loops_corners, nicolae_overflow_hidden_temple, bloody_trog,
          tso_metal_star, serial_aquarium, aquarium_bridge_straight
          [aquarium_subvault_bridge, aquarium_subvault_wall,
          aquarium_subvault_bridge, aquarium_subvault_wall],
          aquarium_bridge_square [aquarium_subvault_bridge,
          aquarium_subvault_bridge, aquarium_subvault_window,
          aquarium_subvault_balcony], aquarium_window_fake, aquarium_window_1,
          aquarium_window_1, aquarium_view_2a, due_unseen_surprise, uniq_sigmund
D:3:      layout_rooms, hellmonk_ghost_happy_afterlife, st_stairs_14,
          doesnt_xom_only_xom

Skill      XL: |  1  2  3 |
---------------+----------+-----
Long Blades    | 3 4 |  4.3
Fighting       | 3 |  3.2
Dodging        | 3 |  3.4
Shields        | 1 |  1.4
Throwing       | |  1.7
Armour         | |  0.8

Action                   |  1- 3 |  4- 6 || total
-------------------------+-------+-------++-------
Melee: Long sword        |    78 |    17 ||    95
Throw: Throwing net      |     3 |       ||     3
  Use: Potion            |       |     4 ||     4
       Scroll            |       |     3 ||     3
 Stab: Sleeping          |     1 |       ||     1
Armor: Leather armour    |    12 |       ||    12
       Ring mail         |     9 |    22 ||    31
Dodge: Dodged            |    52 |    20 ||    72
Block: Buckler           |       |    11 ||    11
       Rpst.: Long sword |    16 |     7 ||    23

Table legend: (Time is in decaauts)
 A = Elapsed time spent in this place.
 B = Non-inter-level travel time spent in this place.
 C = Inter-level travel time spent in this place.
 D = Time resting spent in this place.
 E = Time spent auto-exploring this place.
 F = Levels seen in this place.
 G = Mean time per level.
                   A        B        C        D        E       F      G
               +--------+--------+--------+--------+--------+-----+--------+
         Total |   1812 |   1778 |     34 |    574 |    951 |   3 |  604.0 |
       Dungeon |   1812 |   1778 |     34 |    574 |    951 |   3 |  604.0 |
               +--------+--------+--------+--------+--------+-----+--------+

Top non-repeatable levels by time:
     D:1: 948 daAuts
     D:2: 830 daAuts
     D:3: 34 daAuts
